 Dungeon Sprint DCSS version 0.28-a0-8-g6e044cfa68 (webtiles) character file.

Game seed: 14534252232423816080

12 mhtbhm the Shield-Bearer (level 2, -4/20 HPs)
             Began as a Gargoyle Fighter on July 24, 2021.
             Was a Believer of Qazlal.
             Killed by divine providence
             ... invoked by an orc priest
              (13 damage)
             ... in the Dungeon (Sprint VII: "The Pits").
             The game lasted 00:00:25 (344 turns).

mhtbhm the Shield-Bearer (Gargoyle Fighter)          Turns: 344, Time: 00:00:26

Health: -4/20      AC:  9    Str: 19    XL:     2   Next: 33%
Magic:  2/2        EV:  7    Int:  8    God:    Qazlal [**....]
Gold:   0          SH: 12    Dex:  9    Spells: 1/1 levels left

rFire   . . .      SeeInvis .   a - +2 hand axe
rCold   . . .      Faith    .   c - +0 kite shield
rNeg    + . .      Spirit   .   b - +0 scale mail
rPois   ∞          Reflect  .   (no helmet)
rElec   +          Harm     .   (no cloak)
rCorr   .          Rampage  .   (no gloves)
Will    .....      NoTele   +   (no boots)
Stlth   ..........              (no amulet)
HPRegen 0.06/turn               (no ring)
MPRegen 0.08/turn               (no ring)

@: no status effects
A: sickness immunity, AC +2, negative energy resistance 1, electricity
resistance, torment resistance 1, petrification resistance
a: Renounce Religion, Upheaval


You were in the Dungeon.
You worshipped Qazlal.
Qazlal was pleased with you.
You visited 1 branch

Inventory:

Hand Weapons
 a - a +2 hand axe (weapon)
Armour
 b - a +0 scale mail (worn)
 c - a +0 kite shield (worn)
Scrolls
 j - a scroll of blinking
 l - 5 scrolls of amnesia
 m - a scroll of summoning
Potions
 d - a potion of might
 e - a potion of curing
 g - a potion of haste
 h - 4 potions of magic
 i - 3 potions of berserk rage
 k - 2 potions of invisibility


   Skills:
 + Level 4.1 Fighting
 + Level 2.0 Axes
 + Level 4.1 Armour
 + Level 4.6 Shields


You had one spell level left.
You didn't know any spells.
Your spell library was empty.

Dungeon Overview and Level Annotations

Branches:
Dungeon (1/1)

Altars:
Ashenzari
Cheibriados
Dithmenos
Elyvilon
Fedhas
Gozag
Hepliaklqana
Kikubaaqudgha
Makhleb
Nemelex Xobeh
Okawaru
Qazlal
Ru
Sif Muna
Trog
Uskayaw
Vehumet
Wu Jian
Xom
Yredelemnul
Zin
The Shining One
Beogh
Jiyva
Lugonu


Innate Abilities, Weirdness & Mutations

You are immune to sickness and miasma.
Your stone body is resilient. (AC +2)
You are immune to poison.
You resist negative energy. (rN+)
You are resistant to electric shocks. (rElec)
You are resistant to unholy torment.
You are immune to petrification.


Message History

Unknown command.
Unknown command.
You hit the kobold.
You kill the kobold!
Qazlal accepts your kill.
You can now call upon nature to destroy your foes.
You hit the orc but do no damage. You hit the ball python.
The ball python barely misses you. You block the ball python's attack.
The orc hits you with a +0 mace.
The ball python bites you but does no damage.
The ball python grabs you. The ball python constricts you.
The orc priest looks encouraged for a moment.
Unknown command.
You feel much better. The ball python barely misses you.
The ball python constricts you. The orc barely misses you.
You block the orc's attack.
You hit the orc.
The orc is heavily wounded.
You closely miss the ball python. You hit the orc.
The ball python is engulfed in blazing flames.
You kill the ball python!
Qazlal accepts your kill. You block the orc's attack.
The orc hits you but does no damage. The orc hits you with a +0 mace.
Your Axes skill increases to level 2!
Unknown command.
You barely miss something. You hit the orc. Something hits you.
You barely miss something. You closely miss the orc priest.
You hit the orc but do no damage. The orc closely misses you.
The orc priest barely misses you.
You hear some strange, mumbled words.
Something hits you but does no damage.
Unknown command.
Unknown command.
You hit something. You hit the orc but do no damage. You hit the orc priest.
The orc hits you with a +0 mace.
The orc priest calls down the wrath of Beogh upon you.
Beogh smites you!
Ouch! That really hurt!
You die...

#...........'.........
#+#####†#####......#..
#..#..# #.........
#..'..# ####'#####
#..#### #.......#
#..#..# #.......#
#..#o.# #.......#
##'#°.#+###...<...#
#.○@{....##.......#
#..oo....##.......#
###########.......#
#########


You could see an orc priest and 2 orcs.

Vanquished Creatures
  An ufetubus (D)
  2 ball pythons (D)
  A bat zombie (D)
  A frilled lizard (D)
  A kobold (D)
  A quokka skeleton (D)
  A rat (D)
8 creatures vanquished.

Notes
Turn   | Place    | Note
-------+----------+-------------------------------------------
     0 | D        | mhtbhm the Gargoyle Fighter began the quest for the Orb.
     0 | D        | Reached XP level 1. HP: 14/14 MP: 1/1
   150 | D        | Found a bloodstained altar of Trog.
   150 | D        | Found a shimmering blue altar of Sif Muna.
   150 | D        | Found a viscous altar of Jiyva.
   150 | D        | Found a hazy altar of Hepliaklqana.
   150 | D        | Found an opulent altar of Gozag.
   151 | D        | Found a glowing golden altar of the Shining One.
   151 | D        | Found a glowing silver altar of Zin.
   151 | D        | Found a basalt altar of Yredelemnul.
   151 | D        | Found a shimmering altar of Xom.
   151 | D        | Found an ornate altar of the Wu Jian Council.
   151 | D        | Found a sacrificial altar of Ru.
   151 | D        | Found a stormy altar of Qazlal.
   151 | D        | Found an iron altar of Okawaru.
   151 | D        | Found a sparkling altar of Nemelex Xobeh.
   151 | D        | Found a burning altar of Makhleb.
   151 | D        | Found a blossoming altar of Fedhas.
   151 | D        | Found a white marble altar of Elyvilon.
   151 | D        | Found a shadowy altar of Dithmenos.
   151 | D        | Found a snail-covered altar of Cheibriados.
   153 | D        | Found a radiant altar of Vehumet.
   153 | D        | Found a corrupted altar of Lugonu.
   154 | D        | Found a hide-covered altar of Uskayaw.
   154 | D        | Found an ancient bone altar of Kikubaaqudgha.
   154 | D        | Found a broken altar of Ashenzari.
   162 | D        | Became a worshipper of Qazlal Stormbringer
   217 | D        | Reached * piety under Qazlal
   218 | D        | Reached XP level 2. HP: 17/20 MP: 2/2
   339 | D        | Reached ** piety under Qazlal
   344 | D        | Killed from afar by an orc priest

Illustrated notes

Levels and vault maps discovered:
D:        pitsprint [storerooms_1, entrance_room_1, metal_vault_5, armoury_1,
          mini_pit_1, grid_room_1, main_hall_1, silver_pit, the_coven_1,
          the_vestibule_1, steel_vault_2, golden_pit, hallway_of_sentries,
          crystal_vault_6, iron_vault_3, final_vault]

Skill      XL: |  1  2 |
---------------+-------+-----
Fighting       | 4 |  4.1
Armour         | 4 |  4.1
Shields        | 4 |  4.6
Axes           | 2 |  2.0

Action                   || total
-------------------------++-------
Melee: Hand axe          ||    20
       War axe           ||     4
  Use: Potion            ||     1
Armor: Scale mail        ||    18
Dodge: Dodged            ||    18
Block: Kite shield       ||    19

Table legend: (Time is in decaauts)
 A = Elapsed time spent in this place.
 B = Non-inter-level travel time spent in this place.
 C = Inter-level travel time spent in this place.
 D = Time resting spent in this place.
 E = Time spent auto-exploring this place.
 F = Levels seen in this place.
 G = Mean time per level.
                   A        B        C        D        E       F      G
               +--------+--------+--------+--------+--------+-----+--------+
         Total |    354 |    354 |      0 |    238 |      0 |   1 |  354.0 |
       Dungeon |    354 |    354 |      0 |    238 |      0 |   1 |  354.0 |
               +--------+--------+--------+--------+--------+-----+--------+

Top non-repeatable levels by time:
       D: 354 daAuts
